 Dungeon Crawl Stone Soup version 0.27.1-2-g3b301248ec (webtiles) character file.

Game seed: 2701845694738991978

56 Kinoniko the Chopper (level 3, -1/29 HPs)
             Began as a Ghoul Gladiator on Sept 28, 2021.
             Slain by an orc priest (6 damage)
             ... on level 2 of the Dungeon.
             The game lasted 00:00:34 (776 turns).

Kinoniko the Chopper (Ghoul Gladiator)               Turns: 776, Time: 00:00:35

Health: -1/29      AC:  4    Str: 18    XL:     3   Next: 95%
Magic:  2/2        EV: 12    Int:  3    God:
Gold:   28         SH:  0    Dex: 10    Spells: 2/2 levels left

rFire    . . .     SeeInvis .   a - +0 war axe
rCold    + . .     Faith    .   (no shield)
rNeg     + + +     Spirit   .   b - +0 leather armour
rPois    ∞         Reflect  .   c - +0 helmet
rElec    .         Harm     .   (no cloak)
rCorr    .         Rampage  .   (no gloves)
Will     .....                  (no boots)
Stlth    +.........             (no amulet)
HPRegen  0.00/turn              (no ring)
MPRegen  0.08/turn              (no ring)

@: inhibited regen
A: claws 1, cold resistance 1, negative energy resistance 3, inhibited
regeneration, torment resistance 2
a: no special abilities


You were on level 2 of the Dungeon.
You visited 1 branch of the dungeon, and saw 2 of its levels.

You collected 28 gold pieces.

Inventory:

Hand Weapons
 a - a +0 war axe (weapon)
Missiles
 d - 3 throwing nets (quivered)
Armour
 b - a +0 leather armour (worn)
 c - a +0 helmet (worn)
Scrolls
 e - a scroll of enchant weapon {unknown}


   Skills:
 - Level 2.1 Fighting
 * Level 4.3 Axes
 - Level 1.7 Throwing
 - Level 2.6 Dodging


You had 2 spell levels left.
You didn't know any spells.
Your spell library was empty.

Dungeon Overview and Level Annotations

Branches:
Dungeon (2/15)

Altars:
Dithmenos


Innate Abilities, Weirdness & Mutations

You thrive by killing the living.
You are immune to poison.
You have sharp fingernails.
Your flesh is cold resistant. (rC+)
You are immune to negative energy. (rN+++)
You do not regenerate when monsters are visible.
You are immune to unholy pain and torment.


Message History

You hit the orc. The orc hits you but does no damage.
The orc barely misses you.
Unknown command.
You hit the orc.
The orc is severely wounded.
You hit the orc.
You kill the orc!
You feel better. The orc barely misses you.
The orc hits you but does no damage.
You hit the orc but do no damage.
The orc is severely wounded.
You slash the orc priest!
The orc priest looks encouraged for a moment.
The orc priest calls upon Beogh to heal the orc.
The orc's wounds heal themselves!
The orc hits you with a +0 dagger.
You slash the orc priest!
You kill the orc priest!
You hit the orc.
The orc priest mumbles some strange prayers to Beogh against you.
Beogh smites you!
Ouch! That really hurt!
* * * LOW HITPOINT WARNING * * *
The orc hits you but does no damage.
You hear a shout!
Your Axes skill increases to level 4!
You have reached level 3!
Your experience leads to an increase in your attributes!
Increase (S)trength, (I)ntelligence, or (D)exterity?
You feel stronger.
You are too injured to fight recklessly!
You are too injured to fight recklessly!
You are too injured to fight recklessly!
You slash the orc!
You kill the orc!
You feel better.
You hear an angry hiss.
Unknown command.
You hit the orc priest but do no damage.
The orc priest hits you with a +0 mace.
You die...

#.#####..#####.....#####
#.#####..## #......#
#.........###..._..#####
######..#..##...........
###.............#####
#.<.#...........#
#.#####.........#
#.###...#)..........#
........@oo###...####
.#########.# #...#
#...oo...# #...#
..≈..o≈..# ...#
oo....o...# ...
...o......# ...........
..≈...≈.....
#............


You could see an orc priest and an orc.

Vanquished Creatures
  An orc priest (D:2)
  A dart slug (D:1)
  4 orcs (D:2)
  3 endoplasms (D:1)
  A goblin (D:1)
  2 hobgoblins (D:1)
  A ball python (D:1)
  2 bats (D:1)
  2 rats (D:1)
17 creatures vanquished.

Notes
Turn   | Place    | Note
-------+----------+-------------------------------------------
     0 | D:1      | Kinoniko the Ghoul Gladiator began the quest for the Orb.
     0 | D:1      | Reached XP level 1. HP: 17/17 MP: 0/0
   137 | D:1      | Reached skill level 3 in Axes
   246 | D:1      | Reached XP level 2. HP: 24/24 MP: 1/1
   734 | D:2      | Found a shadowy altar of Dithmenos.
   775 | D:2      | Reached skill level 4 in Axes
   775 | D:2      | Reached XP level 3. HP: 3/29 MP: 2/2
   776 | D:2      | Slain by an orc priest

Illustrated notes

Levels and vault maps discovered:
D:1:      wheals_arrival_shading, layout_rooms,
          hangedman_abyss_or_decor_lesser_grid
D:2:      cheibrodos_pilgrimage, layout_loops_cross, basic_ecumenical_altar,
          serial_shops, shop, shop, shop, basic_altar

Skill      XL: |  1  2 |
---------------+-------+-----
Axes           | 3 4 |  4.3
Fighting       | |  2.1
Throwing       | |  1.7
Dodging        | |  2.6

Action                   || total
-------------------------++-------
Melee: War axe           ||    42
Armor: Leather armour    ||    14
Dodge: Dodged            ||    24
